 Dungeon Crawl Stone Soup version 0.29-a0-839-g4793fd635e (webtiles) character file.

Game seed: 17543143442868406701

0 DungeonMaster the Firebug (level 1, -1/16 HPs)
             Began as a Demonspawn Wanderer on July 14, 2022.
             Frozen to death by an endoplasm (5 damage)
             ... on level 1 of the Dungeon.
             The game lasted 00:00:12 (36 turns).

DungeonMaster the Firebug (Demonspawn Wanderer)       Turns: 36, Time: 00:00:12

Health: -1/16      AC:  5    Str: 13    XL:     1   Next: 8%
Magic:  2/2        EV: 10    Int: 13    God:
Gold:   0          SH:  0    Dex: 11    Spells: 2/2 levels left

rFire   . . .      SeeInvis .   a - +0 club
rCold   . . .      Faith    .   (no shield)
rNeg    . . .      Spirit   .   c - +0 ring mail
rPois   .          Reflect  .   (no helmet)
rElec   .          Harm     .   (no cloak)
rCorr   .          Rampage  .   (no gloves)
Will    .....                   (no boots)
Stlth   +.........              (no amulet)
HPRegen 0.05/turn               (no ring)
MPRegen 0.08/turn               (no ring)

@: no status effects
A: no striking features
a: no special abilities


You were on level 1 of the Dungeon.
You visited 1 branch of the dungeon, and saw 1 of its levels.

Inventory:

Hand Weapons
 a - a +0 club (weapon)
Armour
 c - a +0 ring mail (worn)
Scrolls
 b - a scroll of summoning
 d - a scroll of identify {unknown}


   Skills:
 * Level 2.0 Fighting
 * Level 1.0 Armour
 * Level 1.7 Dodging
 - Level 1.0 Spellcasting
 - Level 2.6 Fire Magic
 - Level 1.0 Earth Magic


You had 2 spell levels left.
You didn't know any spells.
Your spell library contained the following spells:

 Spells                   Type           Power      Damage    Failure   Level
 Foxfire                  Conj/Fire      16%        2x1d4     34%         1
 Sandblast                Erth           6%         2d5       36%         1
 Ignite Poison            Fire/Tmut/Pois 2%         N/A       77%         3
 Stone Arrow              Conj/Erth      2%         3d7       82%         3
 Flame Wave               Conj/Fire      4%         2d5       98%         4


Dungeon Overview and Level Annotations

Branches:
Dungeon (1/15)

Altars:


Message History

You barely miss the quokka.
The quokka is severely wounded.
The bat hits you but does no damage. The quokka barely misses you.
The bat hits you but does no damage. The endoplasm freezes you.
You are frozen.
You are too injured to fight recklessly!
You are too injured to fight recklessly!
You are too injured to fight recklessly!
You are too injured to fight recklessly!
You are too injured to fight recklessly!
You are too injured to fight recklessly!
You are too injured to fight recklessly!
You are too injured to fight recklessly!
You are too injured to fight recklessly!
You are too injured to fight recklessly!
You are too injured to fight recklessly!
You are too injured to fight recklessly!
You are too injured to fight recklessly!
You are too injured to fight recklessly!
You are too injured to fight recklessly!
You are too injured to fight recklessly!
You are too injured to fight recklessly!
You are too injured to fight recklessly!
The bat barely misses you. The endoplasm freezes you.
You are frozen.
The quokka closely misses you.
You see here 14 gold pieces.
The bat closely misses you. The bat attacks as you move away!
The bat barely misses you. x2
You hit the endoplasm.
The endoplasm is almost dead.
The endoplasm hits you.
* * * LOW HITPOINT WARNING * * *
You hit the endoplasm but do no damage.
The endoplasm is almost dead.
The endoplasm closely misses you. The endoplasm freezes you.
You are frozen.
You die...

......[.....#
...........#
..........#
..........#
.#........#
.......r###
..#####b# #J#
# #. #@#
#.#.#+#.####
...........#
...........#
...........#
...........#
...#.......#
...#.......#
## #.......#


You could see an endoplasm, a quokka and a bat.

Vanquished Creatures
  A ball python (D:1)
1 creature vanquished.

Notes
Turn   | Place    | Note
-------+----------+-------------------------------------------
     0 | D:1      | DungeonMaster the Demonspawn Wanderer began the quest for
                  | the Orb.
     0 | D:1      | DungeonMaster set off with the following items: a +0 club,
                  | a scroll of summoning, a +0 ring mail; and the following
                  | spells available to memorise: Foxfire, Sandblast, Ignite
                  | Poison, Stone Arrow, Flame Wave.
     0 | D:1      | Reached XP level 1. HP: 16/16 MP: 2/2
    36 | D:1      | Frozen to death by an endoplasm

Illustrated notes

Levels and vault maps discovered:
D:1:      dpeg_arrival_tiny_i, layout_basic, ebering_ecumenical_altar_box,
          serial_park_tiny_pond, minmay_tall_x

Action                   || total
-------------------------++-------
Melee: Club              ||     7
Armor: Ring mail         ||     5
Dodge: Dodged            ||    15

Table legend: (Time is in decaauts)
 A = Elapsed time spent in this place.
 B = Non-inter-level travel time spent in this place.
 C = Inter-level travel time spent in this place.
 D = Time resting spent in this place.
 E = Time spent auto-exploring this place.
 F = Levels seen in this place.
 G = Mean time per level.
                   A        B        C        D        E       F      G
               +--------+--------+--------+--------+--------+-----+--------+
         Total |     37 |     37 |      0 |      0 |     22 |   1 |   37.0 |
       Dungeon |     37 |     37 |      0 |      0 |     22 |   1 |   37.0 |
               +--------+--------+--------+--------+--------+-----+--------+

Top non-repeatable levels by time:
     D:1: 37 daAuts
